 Dungeon Crawl Stone Soup version 0.30-a0-57-g8b159a9891 (webtiles) character file.

Game seed: 17848277792191760080

538 Decritt the Trooper (level 7, -18/46 HPs)
             Began as a Gargoyle Fighter on Sept 11, 2022.
             Was an Initiate of the Shining One.
             Killed from afar by an acid dragon (31 damage)
             ... with a splash of acid
             ... on level 5 of the Dungeon.
             The game lasted 00:09:15 (5005 turns).

Decritt the Trooper (Gargoyle Fighter)              Turns: 5005, Time: 00:09:15

Health: -18/46     AC: 10    Str: 28    XL:     7   Next: 26%
Magic:  0/16       EV: 10    Int: 10    God:    the Shining One [......]
Gold:   300        SH:  5    Dex: 12    Spells: 6/6 levels left

rFire   . . .      SeeInvis .    p - +9 dagger of Optimality {vorpal, MP+9 Int+2 Dex+3}
rCold   . . .      Faith    .    c - +0 buckler
rNeg    + . .      Spirit   +    b - +0 scale mail
rPois   ∞          Reflect  .    (no helmet)
rElec   +          Harm     .    (no cloak)
rCorr   .          Rampage  .    y - +0 pair of gloves
Will    .....                    t - +0 pair of boots
Stlth   ..........               e - amulet of guardian spirit
HPRegen 0.15/turn                C - +6 ring of strength
MPRegen 0.15/turn                (no ring)

@: about to teleport, corroded, glowing
A: sickness immunity, AC +4, negative energy resistance 1, electricity
resistance, torment resistance 1, petrification resistance
a: Renounce Religion


You were on level 5 of the Dungeon.
You worshipped the Shining One.
The Shining One was noncommittal.
You visited 1 branch of the dungeon, and saw 5 of its levels.

You collected 300 gold pieces.

Inventory:

Hand Weapons
 a - a +0 flail
 g - a +0 whip
 o - a +2 whip of draining
 p - the +9 dagger of Optimality (weapon) {vorpal, MP+9 Int+2 Dex+3}
   (You found it on level 2 of the Dungeon)

   It inflicts extra damage upon your enemies.
   Int:       It affects your intelligence (+2).
   Dex:       It affects your dexterity (+3).
   MP:        It affects your magic capacity (+9).
Missiles
 u - 5 poisoned darts (quivered)
 B - 2 throwing nets
Armour
 b - a +0 scale mail (worn)
 c - a +0 buckler (worn)
 t - a +0 pair of boots (worn)
 y - a +0 pair of gloves (worn)
Jewellery
 e - an amulet of guardian spirit (around neck)
 C - a +6 ring of strength (left hand)
Wands
 x - a wand of digging (10)
Scrolls
 l - 3 scrolls of poison {unknown}
 n - 2 scrolls of amnesia {unknown}
 r - a scroll of identify
 s - 2 scrolls of fear {unknown}
 v - a scroll of acquirement {unknown}
 w - 2 scrolls of blinking {unknown}
 A - 2 scrolls of brand weapon {unknown}
Potions
 d - 2 potions of might
 f - a potion of invisibility
 h - a potion of resistance
 i - 2 potions of lignification
 m - 2 potions of berserk rage
 q - 2 potions of attraction
 z - a potion of mutation {unknown}


   Skills:
 * Level 6.0 Fighting
 - Level 2.3 Maces & Flails
 * Level 5.6 Armour
 + Level 1.9 Dodging
 + Level 4.4 Shields


You had 6 spell levels left.
You didn't know any spells.
Your spell library contained the following spells:

 Spells                   Type           Power      Damage    Failure   Level
 Call Canine Familiar     Summ           0%         N/A       97%         3
 Ignite Poison            Fire/Tmut/Pois 0%         N/A       97%         3
 Mephitic Cloud           Conj/Pois/Air  0%         N/A       97%         3
 Portal Projectile        Hex/Tloc       0%         N/A       97%         3
 Tukima's Dance           Hex            0%         N/A       97%         3
 Leda's Liquefaction      Hex/Erth       0%         N/A       100%        4
 Blade Hands              Tmut           0%         N/A       100%        5
 Freezing Cloud           Conj/Ice/Air   0%         6-21      100%        5


Dungeon Overview and Level Annotations

Branches:
Dungeon (5/15)
 Temple: D:4-7

Altars:
Elyvilon
Zin
The Shining One


Innate Abilities, Weirdness & Mutations

You are immune to sickness and miasma.
Your stone body is resilient. (AC +4)
You are immune to poison.
You resist negative energy. (rN+)
You are resistant to electric shocks. (rElec)
You are resistant to unholy torment.
You are immune to petrification.


Message History

No target in view!
u - 3 poisoned darts (gained 1)
u - 5 poisoned darts (gained 2)
s - 2 scrolls labelled JYJYER PAYT (gained 1)
You now have 300 gold pieces (gained 17).
Found 7 stones.
You see here 7 stones.
The acid dragon roars!
The acid dragon bites you but does no damage.
The acid dragon claws you but does no damage.
You barely miss the acid dragon. The acid dragon spits acid at you.
The splash of acid hits you! The acid corrodes you!
You hear a shout!
You hit the acid dragon but do no damage.
You block the acid dragon's attack. x2
You hit the acid dragon but do no damage.
The acid dragon bites you! The acid dragon claws you.
* * * LOW HITPOINT WARNING * * *
The acid dragon spits acid at you. The splash of acid misses you.
You hear a shout! x3
You hit the acid dragon.
The acid dragon is moderately wounded.
The acid dragon bites you!
* * * LOW HITPOINT WARNING * * *
The acid dragon closely misses you.
You hit the acid dragon but do no damage.
The acid dragon is moderately wounded.
The acid dragon spits acid at you. The splash of acid hits you!!
* * * LOW HITPOINT WARNING * * *
You feel better. The acid dragon misses you.
You block the acid dragon's attack.
As you read the scroll of teleportation, it crumbles to dust.
You feel strangely unstable. The acid dragon spits acid at you.
The splash of acid hits you!!
Ouch! That really hurt!
You die...

....# #.##..#
#.##.#########
####.# #.##.#.#
#.##.# # #..
#...###....##.# #
##. ###.# #.####.# #
..# #.# #.# # ...#
##......# # #.###.#
############# ###
#..#..# #........
...
#.D@.#######.#######
#.###........##.# #
#.#............# #
.#####.##..####.####
# #...........# #.#
...........## #.#
#$########## #.# #.#
#.#


You could see an acid dragon (catching breath).

Vanquished Creatures
  2 ogres
  A gnoll sergeant (D:5)
  A scorpion (D:4)
  A hound (D:4)
  An iguana (D:4)
  3 gnolls (D:5)
  10 adders
  A dart slug (D:1)
  7 orcs
  5 endoplasms
  4 giant cockroaches
  6 goblins
  8 hobgoblins
  3 quokkas (D:1)
  10 ball pythons
  2 bats
  5 frilled lizards
  6 kobolds
  3 rats
  A spectral hobgoblin (D:3)
80 creatures vanquished.

Notes
Turn   | Place    | Note
-------+----------+-------------------------------------------
     0 | D:1      | Decritt the Gargoyle Fighter began the quest for the Orb.
     0 | D:1      | Reached XP level 1. HP: 14/14 MP: 1/1
   311 | D:1      | Reached XP level 2. HP: 14/19 MP: 2/2
  1451 | D:2      | Reached skill level 4 in Fighting
  1451 | D:2      | Reached XP level 3. HP: 24/24 MP: 3/3
  1474 | D:2      | Identified the +9 dagger of Optimality {vorpal, MP+9 Int+2
                  | Dex+3}
  2271 | D:3      | Reached XP level 4. HP: 29/29 MP: 4/4
  2670 | D:3      | Found a faded altar of an unknown god.
  3288 | D:3      | Found a white marble altar of Elyvilon.
  3288 | D:3      | Found a glowing golden altar of the Shining One.
  3288 | D:3      | Found a glowing silver altar of Zin.
  3403 | D:3      | Became a worshipper of the Shining One
  3537 | D:4      | Identified the +0 ring mail of Unreason {Harm Rampage Int+4
                  | SInv}
  3635 | D:4      | Noticed an ogre
  3647 | D:4      | Killed an ogre
  3648 | D:4      | Reached skill level 5 in Fighting
  3648 | D:4      | Reached skill level 1 in Dodging
  3648 | D:4      | Reached XP level 5. HP: 6/35 MP: 2/5
  3760 | D:4      | Reached XP level 6. HP: 21/40 MP: 6/6
  3987 | D:4      | Reached skill level 5 in Armour
  4304 | D:5      | Entered Level 5 of the Dungeon
  4393 | D:5      | Noticed an acid dragon
  4754 | D:5      | Reached XP level 7. HP: 45/45 MP: 7/7
  4782 | D:5      | Reached skill level 6 in Fighting
  5005 | D:5      | Killed from afar by an acid dragon

Illustrated notes

Levels and vault maps discovered:
D:1:      co_arrival_random_square_maze, layout_basic, minmay_heptomino_d4
D:2:      layout_rooms, chequers_big_river
D:3:      layout_basic, good_gods_mini_temple,
          dreamdust_ecumenical_altar_drowned_temple
D:4:      layout_rooms
D:5:      layout_loops_ring

Skill      XL: |  1  2  3  4  5  6  7 |
---------------+----------------------+-----
Fighting       | 4 5 6 |  6.0
Armour         | 4 5 |  5.6
Dodging        | 1 |  1.9
Shields        | 4 |  4.4
Maces & Flails | |  2.3

Action                   |  1- 3 |  4- 6 |  7- 9 || total
-------------------------+-------+-------+-------++-------
Melee: Flail             |    17 |       |       ||    17
       Whip              |    60 |       |       ||    60
       Dagger            |    16 |    79 |    28 ||   123
Throw: Dart              |    43 |    62 |     8 ||   113
  Use: Scroll            |       |     8 |     1 ||     9
       Potion            |       |     1 |     1 ||     2
Armor: Scale mail        |    53 |    25 |    15 ||    93
Dodge: Dodged            |    37 |    25 |    12 ||    74
Block: Buckler           |    13 |    11 |     8 ||    32

Table legend: (Time is in decaauts)
 A = Elapsed time spent in this place.
 B = Non-inter-level travel time spent in this place.
 C = Inter-level travel time spent in this place.
 D = Time resting spent in this place.
 E = Time spent auto-exploring this place.
 F = Levels seen in this place.
 G = Mean time per level.
                   A        B        C        D        E       F      G
               +--------+--------+--------+--------+--------+-----+--------+
         Total |   5043 |   4772 |    271 |    573 |   3544 |   5 | 1008.6 |
       Dungeon |   5043 |   4772 |    271 |    573 |   3544 |   5 | 1008.6 |
               +--------+--------+--------+--------+--------+-----+--------+

Top non-repeatable levels by time:
     D:1: 1453 daAuts
     D:3: 1194 daAuts
     D:4: 1095 daAuts
     D:2: 837 daAuts
     D:5: 463 daAuts
